Map: Queda Cerúlea LE

Players

Vicster

  • Race: Terran Terran
  • League: Gold
  • Spawn Location: 7:00

toki - Winner!

  • Race: Terran Terran
  • League: Platinum
  • Spawn Location: 1:00

VOD

Have the link to the VOD?

Description

Time

  • Played on: Jan. 9, 2019, 1:09 p.m.
  • Length: 8:28
Show
View Real Time Build Order
Export as new Build Order

Vicster Terran 

Build Orders: Mech 

Get SALT Encoding   

  12  0:01  SCV  
  13  0:13  SCV  
  14  0:19  Supply Depot  
  14  0:25  SCV  
  15  0:40  SCV  
  16  0:44  Barracks  
  16  0:50  Refinery  
  16  0:53  SCV  
  17  1:05  SCV  
  18  1:17  SCV  
  19  1:30  Orbital Command  
  19  1:41  Command Center  
  19  1:53  Factory  
  19  1:55  SCV  
  20  2:01  Marine  
  20  2:08  SCV  
  22  2:09  Refinery  
  22  2:20  Barracks Tech Lab  
  22  2:27  SCV  
  23  2:30  Supply Depot  
  23  2:52  SCV  
  23  2:54  Siege Tank  
  23  2:57  Orbital Command  
  27  3:04  SCV  
  28  3:11  Command Center  
  28  3:16  SCV  
  29  3:28  SCV  
  29  3:29  Bunker  
  30  3:40  SCV  
  31  3:51  SCV  
  31  3:52  SCV  
  33  3:59  Supply Depot  
  33  4:03  SCV  
  33  4:04  SCV  
  33  4:07  Factory x2  
  35  4:10  Engineering Bay  
  35  4:16  SCV  
  36  4:22  Supply Depot  
  36  4:25  Orbital Command  
  36  4:29  SCV  
  37  4:32  SCV  
  38  4:39  Siege Tank  
  38  4:41  SCV  
  38  4:44  SCV  
  43  4:51  Factory Reactor  
  43  4:52  Factory Reactor  
  43  4:53  SCV  
  43  4:56  SCV  
  43  4:59  Missile Turret  
  38  5:14  Missile Turret  
  36  5:25  Missile Turret  
  36  5:26  SCV x3  
  36  5:38  SCV x3  
  36  5:43  Missile Turret  
  34  5:54  Missile Turret  
  34  5:55  Hellion x2  
  32  6:15  SCV  
  32  6:27  Armory  
  32  6:31  Missile Turret  
  32  6:37  Missile Turret  
  32  6:39  Missile Turret  
  32  6:40  SCV  
  32  6:42  Missile Turret, Hellion  
  32  6:43  SCV x2  
  37  6:52  SCV  
  38  7:02  SCV x2  
  38  7:04  SCV  
  43  7:14  SCV  
  43  7:15  SCV  
  45  7:17  SCV  
  45  7:18  Missile Turret  
  46  7:26  SCV  
  46  7:27  SCV  
  46  7:29  SCV  
  38  7:38  SCV  
  38  7:39  SCV  
  31  7:47  Hellion x4  
  31  7:49  Siege Tank  
Show
View Real Time Build Order
Export as new Build Order

toki Terran - Winner!

Build Orders: 1/1/1, Banshee Rush 

Get SALT Encoding   

  12  0:02  SCV  
  13  0:14  SCV  
  14  0:24  Supply Depot  
  14  0:26  SCV  
  15  0:31  Refinery  
  15  0:46  SCV  
  15  0:47  Barracks  
  16  0:58  SCV  
  17  1:10  SCV  
  18  1:14  Refinery  
  18  1:22  SCV  
  19  1:40  Factory  
  19  1:43  Barracks Tech Lab  
  19  1:45  Orbital Command  
  19  1:56  Supply Depot  
  19  2:02  Marine  
  19  2:06  Stimpack  
  20  2:16  SCV  
  21  2:25  Factory Tech Lab, Starport  
  21  2:28  SCV  
  22  2:30  Marine  
  23  2:52  Marine  
  23  2:53  Factory Reactor  
  23  2:55  SCV  
  25  3:05  Command Center  
  25  3:12  Marine  
  26  3:17  Banshee  
  29  3:22  Cloaking Field  
  29  3:24  SCV  
  30  3:41  Supply Depot  
  30  3:54  Marine  
  31  4:03  Banshee  
  34  4:11  Supply Depot  
  34  4:23  Orbital Command  
  34  4:28  Barracks  
  34  4:44  Marine x2, Engineering Bay  
  34  4:45  Siege Tank  
  39  5:05  Marine x2  
  41  5:17  Siege Tank  
  44  5:26  Marine x2  
  46  5:40  Liberator  
  46  5:49  Marine x2, Siege Tank  
  51  5:58  Orbital Command  
  54  6:07  Marine x2  
  56  6:21  Siege Tank  
  56  6:25  Marine, SCV x2  
  62  6:28  Barracks  
  62  6:30  Supply Depot  
  62  6:32  Barracks Tech Lab  
  62  6:49  Liberator  
  62  6:51  Marine x3, SCV x2  
  62  6:54  Combat Shield, Siege Tank  
  70  7:01  Supply Depot  
  70  7:04  SCV x2  
  75  7:09  Marine x3  
  78  7:23  Marine  
  78  7:26  Siege Tank  
  78  7:27  Marine x3  
  85  7:44  Marine  
Tags
 
Composition
Mech
Matchup
TvT
Opening
1/1/1
Race
Terran
Replay Pack
Vicster replay
Spawn Locations
Cross Positions
Strategy
Banshee Rush
Add a new tag
Caveats
  • Supply blocks, unpowered buildings, or Contaminate may cause inaccurate times.
  • Supply counts are checked every 10 seconds.